 Dungeon Crawl Stone Soup version 0.21.1-1-g345015f (console) character file.

213 fly the Grave Robber (level 5, -5/42 HPs)
             Began as a Deep Dwarf Necromancer on May 15, 2018.
             Was an Initiate of Makhleb.
             Killed from afar by cultivahabas's ghost (7 damage)
             ... with a puff of flame
             ... on level 3 of the Dungeon.
             The game lasted 00:03:32 (2305 turns).

fly the Grave Robber (Deep Dwarf Necromancer)       Turns: 2305, Time: 00:03:34

Health: -5/42      AC:  2    Str: 11    XL:     5   Next: 59%
Magic:  9/9        EV: 14    Int: 17    God:    Makhleb [......]
Gold:   113        SH:  0    Dex: 13    Spells: 6/10 levels left

rFire    . . .     SeeInvis .   a - +0 dagger (elec)
rCold    . . .     Gourm    .   (no shield)
rNeg     . . .     Faith    .   y - +0 robe
rPois    .         Spirit   .   (no helmet)
rElec    .         Reflect  .   (no cloak)
rCorr    .         Harm     .   (no gloves)
MR       .....                  (no boots)
Stlth    +.........             (no amulet)
HPRegen  0.00/turn              (no ring)
MPRegen  0.11/turn              (no ring)

@: liquid flames, non-regenerating, glowing
A: damage resistance, heal wounds, sense surroundings 1, no regeneration
a: Heal Wounds, Renounce Religion


You were on level 3 of the Dungeon.
You worshipped Makhleb.
Makhleb was noncommittal.
You were not hungry.

You visited 1 branch of the dungeon, and saw 3 of its levels.

You collected 113 gold pieces.

Inventory:

Hand Weapons
 a - a +0 dagger of electrocution (weapon)
Armour
 y - a +0 robe (worn)
Jewellery
 m - an uncursed ring of ice
Wands
 p - a wand of random effects (10)
Scrolls
 e - 2 scrolls of remove curse {unknown}
 f - 5 scrolls of identify {unknown}
 g - 2 scrolls of teleportation {unknown}
 n - a scroll of blinking {unknown}
Potions
 d - a potion of resistance {unknown}
 h - a potion of might {unknown}
 j - a potion of degeneration {unknown}
 k - 2 potions of heal wounds
 l - a potion of ambrosia {unknown}
Books
 b - a book of Necromancy

   Spells                             Type                      Level
   a - Pain                           Necromancy                   1
   b - Animate Skeleton               Necromancy                   1
   c - Vampiric Draining              Necromancy                   3
   d - Regeneration                   Charms/Necromancy            3
   e - Animate Dead                   Necromancy                   4
   f - Borgnjor's Vile Clutch         Necromancy/Earth             5
Comestibles
 c - 6 rations
 o - 3 chunks of flesh


   Skills:
 + Level 3.9 Dodging
 - Level 2.4 Stealth
 - Level 3.0 Spellcasting
 - Level 6.0 Necromancy


You had 6 spell levels left.
You knew the following spells:

 Your Spells              Type           Power        Failure   Level  Hunger
v - Vampiric Draining     Necr           ###.......   4%          3    ###....
z - Pain                  Necr           ###.         1%          1    None


Dungeon Overview and Level Annotations

Branches:
Dungeon (3/15)

Altars:
Ashenzari
Elyvilon
Makhleb
Trog
Yredelemnul

Annotations:
D:3 cultivahabas's ghost, amateur DEFE


Innate Abilities, Weirdness & Mutations

You are resistant to damage.
You can heal yourself by infusing magical energy.
You passively map a small area around you.
You do not regenerate.


Message History

You are covered in liquid flames!
Cultivahabas's ghost gestures at you while chanting.
The flame tongue hits you!
You barely miss cultivahabas's ghost.
Cultivahabas's ghost is severely damaged.
You are covered in liquid flames!
Cultivahabas's ghost hits you.
You hit cultivahabas's ghost but do no damage.
Cultivahabas's ghost is severely damaged.
You are covered in liquid flames!
* * * LOW HITPOINT WARNING * * *
Cultivahabas's ghost hits you.
* * * LOW HITPOINT WARNING * * *
You closely miss cultivahabas's ghost.
Cultivahabas's ghost is severely damaged.
You are covered in liquid flames!
* * * LOW HITPOINT WARNING * * *
Cultivahabas's ghost points at you and mumbles some strange words.
The puff of flame hits you!
You die... ..#.#..., , .##+##.* ,..#......... ##...### , .#........ .#._.#.. ,........ , ##...###,,, #...... .#####.### ,* ..... ,, ..#.#....#### .Kr

, , , .##.##......##
#W# ,
.#...#.......###@# .# ,
, ##...##........#.##.#
*,
#.....#......#.#.##.#
,,
#.....#......#.#.##.# *
....#........#.#.##.#
..######...###.#.##.##
, ..# #.#.###.#.....#
,, ,
..######.#..##.#.....#*
...............#.....#
* ,


You could see cultivahabas's ghost, a kobold and a rat.

Vanquished Creatures
  Jessica (D:2)
  Ijyb (D:3)
  Natasha (thrice) (D:2)
  4 adders
  A worm (D:3)
  A dart slug (D:2)
  2 giant cockroaches
  2 goblins (D:1)
  12 hobgoblins
  6 jackals
  3 kobolds
  5 bats (D:1)
  3 frilled lizards
  5 rats
49 creatures vanquished.

Notes
Turn   | Place    | Note
-------+----------+-------------------------------------------
     0 | D:1      | fly the Deep Dwarf Necromancer began the quest for the Orb.
     0 | D:1      | Reached XP level 1. HP: 15/15 MP: 3/3
   214 | D:1      | Reached XP level 2. HP: 22/22 MP: 0/5
   963 | D:2      | Found a burning altar of Makhleb.
   963 | D:2      | Found a basalt altar of Yredelemnul.
  1008 | D:2      | Reached skill level 5 in Necromancy
  1008 | D:2      | Reached XP level 3. HP: 20/28 MP: 2/6
  1092 | D:2      | Noticed Natasha
  1099 | D:2      | Killed Natasha
  1099 | D:2      | Reached XP level 4. HP: 26/36 MP: 0/8
  1311 | D:2      | Learned a level 3 spell: Vampiric Draining
  1342 | D:2      | Noticed Jessica
  1347 | D:2      | Killed Jessica
  1428 | D:2      | Became a worshipper of Makhleb the Destroyer
  1511 | D:2      | Reached skill level 6 in Necromancy
  1514 | D:2      | Noticed Natasha
  1520 | D:2      | Killed Natasha
  1520 | D:2      | Reached XP level 5. HP: 37/42 MP: 0/9
  1687 | D:2      | Noticed Natasha
  1691 | D:2      | Killed Natasha
  1718 | D:3      | Found a shattered altar of Ashenzari.
  1948 | D:3      | Noticed cultivahabas's ghost (amateur DEFE)
  2018 | D:3      | Found a bloodstained altar of Trog.
  2018 | D:3      | Found a white marble altar of Elyvilon.
  2182 | D:3      | Noticed Ijyb
  2188 | D:3      | Killed Ijyb
  2294 | D:3      | HP: 1/42 [burnt (7)]
  2305 | D:3      | HP: 2/42 [burnt (6)]
  2305 | D:3      | Killed from afar by cultivahabas's ghost

Skill      XL: |  1  2  3  4  5 |
---------------+----------------+-----
Spellcasting   | 2 3 |  3.0
Necromancy     | 5 6 |  6.0
Dodging        | 3 |  3.9
Stealth        | |  2.4

Action                   |  1- 3 |  4- 6 || total
-------------------------+-------+-------++-------
Melee: Unarmed           |    10 |       ||    10
       Dagger            |     4 |    47 ||    51
 Cast: Pain              |    46 |    20 ||    66
       Vampiric Draining |       |    12 ||    12
Evoke: Wand              |       |     6 ||     6
  Use: Potion            |       |     5 ||     5
 Stab: Distracted        |       |     1 ||     1
       Sleeping          |       |     1 ||     1
  Eat: Chunk             |     1 |     5 ||     6
Armor: Robe              |     4 |     1 ||     5
Dodge: Dodged            |    11 |    32 ||    43
